 Dungeon Crawl Stone Soup version 0.27-a0-998-g4cfe56dd59 (webtiles) character file.

Game seed: 16113287712556108520

4970 Morbidden the Reanimator (level 10, -7/87 HPs)
             Began as a Deep Dwarf Necromancer on Apr 17, 2021.
             Was a Believer of Cheibriados.
             Mangled by a two-headed ogre
             ... wielding a +0 giant club
              (14 damage)
             ... on level 9 of the Dungeon.
             The game lasted 00:18:43 (10750 turns).

Morbidden the Reanimator (Deep Dwarf Necromancer)  Turns: 10750, Time: 00:18:43

Health: -7/87      AC: 11    Str: 20    XL:     10   Next: 28%
Magic:  6/29 (20)  EV:  9    Int: 21    God:    Cheibriados [**....]
Gold:   519        SH:  6    Dex: 18    Spells: 19/23 levels left

rFire    . . .     SeeInvis .   a - +6 whip (pain)
rCold    . . .     Faith    .   J - +2 buckler of the Centipede {Regen+ Slay+4}
rNeg     . . .     Spirit   .   B - +0 chain mail
rPois    .         Reflect  .   (no helmet)
rElec    .         Harm     .   (no cloak)
rCorr    .         Rampage  .   (no gloves)
Will     +....                  y - +1 pair of boots
Stlth    ..........             (no amulet)
HPRegen  0.00/turn              h - ring of magical power
MPRegen  0.21/turn              f - ring of wizardry

@: very slightly contaminated, non-regenerating, very slow
A: damage resistance, heal wounds, sense surroundings 2, no regeneration
a: Heal Wounds, Renounce Religion, Bend Time


You were on level 9 of the Dungeon.
You worshipped Cheibriados.
Cheibriados was pleased with you.
You visited 2 branches of the dungeon, and saw 10 of its levels.

You collected 519 gold pieces.

Inventory:

Hand Weapons
 a - a +6 whip of pain (weapon)
 b - a +0 hunting sling
 F - a +4 scimitar
Missiles
 g - 65 sling bullets
 m - 5 boomerangs
 t - 5 javelins
 D - a curare-tipped dart (quivered)
Armour
 s - a +0 ring mail
 y - a +1 pair of boots (worn)
 B - a +0 chain mail (worn)
 J - the +2 buckler of the Centipede (worn) {Regen+ Slay+4}
   (You found it on level 9 of the Dungeon)

   It affects your accuracy and damage with ranged weapons and melee attacks
   (+4).
   It increases your rate of health regeneration.
Jewellery
 f - a ring of wizardry (right hand)
 h - a ring of magical power (left hand)
 v - a +6 ring of dexterity
Wands
 q - a wand of mindburst (10)
 E - a wand of flame (34)
Scrolls
 d - 7 scrolls of enchant weapon
 e - a scroll of enchant armour
 j - 3 scrolls of teleportation
 l - 2 scrolls of identify
 n - a scroll of noise
 x - 2 scrolls of fear
 G - 2 scrolls of magic mapping {unknown}
 I - a scroll of amnesia {unknown}
Potions
 c - 2 potions of cancellation
 i - 7 potions of curing
 k - 3 potions of attraction
 o - a potion of ambrosia
 p - 4 potions of flight {unknown}
 r - a potion of magic {unknown}
 u - 2 potions of berserk rage {unknown}
 w - 2 potions of haste {unknown}
 z - a potion of heal wounds {unknown}
 A - a potion of invisibility {unknown}
 C - a potion of might {unknown}
 H - a potion of resistance {unknown}


   Skills:
 * Level 4.5 Fighting
 + Level 1.9 Maces & Flails
 + Level 3.2(3.3) Slings
 + Level 1.1(2.0) Throwing
 + Level 2.6 Armour
 * Level 6.0 Dodging
 + Level 2.6 Stealth
 + Level 0.2 Unarmed Combat
 * Level 7.3 Spellcasting
 * Level 10.0 Necromancy
 * Level 3.1 Invocations
 + Level 3.2 Evocations


You had 19 spell levels left.
You knew the following spells:

 Your Spells              Type           Power      Damage    Failure   Level
a - Pain                  Necr           100%       1d9       1%          1
b - Vampiric Draining     Necr           24%        2d9       3%          3

Your spell library contained the following spells:

 Spells                   Type           Power      Damage    Failure   Level
 Animate Skeleton         Necr           98%        N/A       1%          1
 Animate Dead             Necr           24%        N/A       11%         4
 Agony                    Necr           49%        N/A       26%         5
 Foxfire                  Conj/Fire      28%        2x1d5     52%         1
 Magic Dart               Conj           28%        1d4       52%         1
 Sandblast                Erth           14%        2d6       52%         1
 Blink                    Tloc           N/A        N/A       65%         2
 Call Imp                 Summ           7%         N/A       65%         2
 Passwall                 Tmut/Erth      5%         N/A       65%         2
 Slow                     Hex            7%         N/A       65%         2
 Conjure Flame            Conj/Fire      7%         6-21      86%         3
 Inner Flame              Hex/Fire       7%         N/A       86%         3
 Mephitic Cloud           Conj/Pois/Air  7%         N/A       86%         3
 Stone Arrow              Conj/Erth      14%        3d7       86%         3
 Petrify                  Tmut/Erth      7%         N/A       99%         4
 Sticky Flame             Conj/Fire      7%         2d3       99%         4
 Fireball                 Conj/Fire      3%         3d4       100%        5
 Lee's Rapid Deconstruct  Erth           3%         3d6*      100%        5


Dungeon Overview and Level Annotations

Branches:
Dungeon (9/15)             Temple (1/1) D:6
   Lair: D:8-11         Orc: D:9-12

Altars:
Ashenzari
Cheibriados
Dithmenos
Elyvilon
Fedhas
Gozag
Hepliaklqana
Kikubaaqudgha
Makhleb
Nemelex Xobeh
Okawaru
Qazlal
Ru
Sif Muna
Trog
Uskayaw
Vehumet
Wu Jian
Xom
Yredelemnul
Zin
The Shining One

Shops:
D:2 (


Innate Abilities, Weirdness & Mutations

You are resistant to damage.
You can heal yourself by infusing magical energy.
You passively map the area around you.
You do not regenerate.


Message History

Aim: a two-headed ogre, wielding two +0 giant clubs (heavily wounded)
You draw life force from the two-headed ogre!
You feel life coursing into your body.
The two-headed ogre hits you with a +0 giant club.
The two-headed ogre hits you but does no damage.
Casting: Vampiric Draining (mildly dangerous; 3% risk of failure)
Confirm with . or Enter, or press ? or * to list all spells.
Aiming: Vampiric Draining (mildly dangerous; 3% risk of failure)
Press: ? - help, Shift-Dir - straight line, f/p - two-headed ogre
Aim: a two-headed ogre, wielding two +0 giant clubs (heavily wounded)
You miscast Vampiric Draining.
Nothing appears to happen.
The two-headed ogre hits you with a +0 giant club! x2
Casting: Vampiric Draining (mildly dangerous; 3% risk of failure)
Confirm with . or Enter, or press ? or * to list all spells.
Aiming: Vampiric Draining (mildly dangerous; 3% risk of failure)
Press: ? - help, Shift-Dir - straight line, f/p - two-headed ogre
Aim: a two-headed ogre, wielding two +0 giant clubs (heavily wounded)
You draw life force from the two-headed ogre.
You feel life coursing into your body. The two-headed ogre barely misses you.
The two-headed ogre hits you with a +0 giant club!
* * * LOW HITPOINT WARNING * * *
Casting: Vampiric Draining (mildly dangerous; 3% risk of failure)
Confirm with . or Enter, or press ? or * to list all spells.
Aiming: Vampiric Draining (mildly dangerous; 3% risk of failure)
Press: ? - help, Shift-Dir - straight line, f/p - two-headed ogre
Aim: a two-headed ogre, wielding two +0 giant clubs (heavily wounded)
You miscast Vampiric Draining.
Nothing appears to happen.
Unknown command.
Unknown command.
Casting: Vampiric Draining (mildly dangerous; 3% risk of failure)
Confirm with . or Enter, or press ? or * to list all spells.
Aiming: Vampiric Draining (mildly dangerous; 3% risk of failure)
Press: ? - help, Shift-Dir - straight line, f/p - two-headed ogre
Aim: a two-headed ogre, wielding two +0 giant clubs (heavily wounded)
You draw life force from the two-headed ogre!
You feel life coursing into your body.
The two-headed ogre hits you with a +0 giant club!!
* * * LOW HITPOINT WARNING * * *
The two-headed ogre hits you with a +0 giant club!!
You die...

#.....######..#........
, , *#.))##
#..#.....### * * ###.)#
#..#...### ≈ * *
##.###.....## ≈≈
#......#........
##....###........ *
####...#.# #......≈≈ *
, ##.....##.# ......≈..
* #(.O@..##.. ......≈..
,
*#...####............≈≈
, ......,,
,...>.........⌠ .....,
.##.... ≈.. ###. , *##
###.. .≈≈ ,,, ,, * , ≈
... ,, * , * , ≈.. ,,,
, * * ≈≈. ,, , , * ≈≈≈


You could see a two-headed ogre.

Vanquished Creatures
  Pikel (D:6)
  A troll (D:9)
  Prince Ribbit (D:9)
  Eustachio (D:6)
  4 wyverns
  A steam dragon (D:9)
  A black bear (D:4)
  2 orc warriors (D:9)
  3 ice beasts
  4 sky beasts
  A necrophage (D:7)
  3 ogres
  A centaur (D:9)
  3 kobold brigands
  A bullfrog (D:8)
  A gnoll sergeant (D:8)
  5 scorpions
  3 wyvern skeletons
  A water moccasin skeleton (D:5)
  4 wights
  A bullfrog zombie (D:5)
  A centaur zombie (D:5)
  3 orc priests
  2 jellies (D:8)
  5 hounds
  2 bullfrog skeletons
  2 gnoll shamans
  A centaur skeleton (D:7)
  An iguana (D:5)
  4 orc wizards
  A killer bee zombie (D:8)
  A hound skeleton (D:4)
  A howler monkey zombie (D:9)
  12 gnolls
  9 adders
  A shadow imp (D:4)
  A white imp (D:7)
  2 ufetubi
  An adder skeleton (D:2)
  3 worms
  2 dart slugs
  23 orcs
  8 ball pythons
  5 bats
  4 endoplasms
  4 giant cockroaches
  5 goblins
  6 hobgoblins
  19 kobolds
  4 quokkas
  3 frilled lizards
  6 rats
185 creatures vanquished.

Notes
Turn   | Place    | Note
-------+----------+-------------------------------------------
     0 | D:1      | Morbidden the Deep Dwarf Necromancer began the quest for
                  | the Orb.
     0 | D:1      | Reached XP level 1. HP: 15/15 MP: 3/3
   258 | D:1      | Reached XP level 2. HP: 8/22 MP: 1/4
   638 | D:1      | Found a faded altar of an unknown god.
  1177 | D:2      | Found Rafulaew's Antique Weapon Shop.
  1213 | D:2      | Reached skill level 5 in Necromancy
  1357 | D:2      | Reached XP level 3. HP: 8/28 MP: 6/6
  1564 | D:2      | Learned a level 3 spell: Vampiric Draining
  1999 | D:2      | Reached skill level 1 in Fighting
  2100 | D:2      | Reached XP level 4. HP: 37/38 MP: 7/7
  2379 | D:3      | Found a glowing golden altar of the Shining One.
  2463 | D:3      | Found a broken altar of Ashenzari.
  2557 | D:3      | Reached skill level 1 in Slings
  3021 | D:3      | Reached XP level 5. HP: 44/44 MP: 9/9
  3590 | D:4      | Noticed a sky beast
  3599 | D:3      | Killed a sky beast
  3600 | D:3      | Reached XP level 6. HP: 49/51 MP: 7/11
  3728 | D:3      | Reached skill level 6 in Necromancy
  4123 | D:4      | Found a glowing silver altar of Zin.
  4131 | D:4      | Reached XP level 7. HP: 43/60 MP: 9/13
  4208 | D:4      | Found an iron altar of Okawaru.
  4783 | D:5      | Entered Level 5 of the Dungeon
  5234 | D:5      | Reached XP level 8. HP: 45/68 MP: 2/15
  5388 | D:5      | Reached skill level 7 in Necromancy
  5502 | D:5      | Reached skill level 5 in Spellcasting
  5719 | D:5      | Reached skill level 1 in Evocations
  5913 | D:5      | Found a stormy altar of Qazlal.
  6004 | D:6      | Reached skill level 1 in Armour
  6448 | D:6      | Noticed Pikel
  6455 | D:6      | Killed Pikel
  6456 | D:6      | Reached skill level 5 in Dodging
  6456 | D:6      | Reached skill level 8 in Necromancy
  6456 | D:6      | Gained mutation: You passively map the area around you.
                  | [Deep Dwarf growth]
  6456 | D:6      | Reached XP level 9. HP: 46/78 MP: 16/17
  6512 | D:6      | Noticed Eustachio
  6528 | D:6      | Killed Eustachio
  6529 | D:6      | Reached skill level 1 in Maces & Flails
  6790 | D:6      | Found a staircase to the Ecumenical Temple.
  6799 | Temple   | Entered the Ecumenical Temple
  6862 | Temple   | Became a worshipper of Cheibriados the Contemplative
  6919 | D:6      | HP: 3/78 [ogre/+0 giant club (30)]
  7618 | D:7      | Reached skill level 1 in Invocations
  8282 | D:7      | Found a shimmering blue altar of Sif Muna.
  8403 | D:7      | Reached * piety under Cheibriados
  8557 | D:8      | Reached skill level 9 in Necromancy
  9128 | D:8      | Reached skill level 1 in Throwing
  9753 | D:8      | Reached ** piety under Cheibriados
 10166 | D:9      | Noticed a troll
 10174 | D:9      | Killed a troll
 10175 | D:9      | Reached XP level 10. HP: 59/76 MP: 17/20
 10338 | D:9      | Noticed Prince Ribbit
 10347 | D:9      | Killed Prince Ribbit
 10430 | D:9      | Found a blossoming altar of Fedhas.
 10430 | D:9      | Found a shimmering altar of Xom.
 10498 | D:9      | Reached skill level 10 in Necromancy
 10644 | D:9      | Identified the +2 buckler of the Centipede {Regen+ Slay+4}
 10739 | D:9      | Noticed a two-headed ogre
 10750 | D:9      | Mangled by a two-headed ogre

Illustrated notes

Levels and vault maps discovered:
D:1:      heliophobic_arrival_ceremonial_halls, layout_loops_ring,
          chequers_ecumenical_altar_simple
D:2:      layout_loops_corners, serial_shops, shop, minmay_misc_feat_diagonals,
          minmay_tetromino_s4
D:3:      layout_basic, pf_just_have_faith, nicolae_tso_swordbearing_angel
D:4:      layout_rooms, grunt_temple_overflow_open, kennysheep_generic_room_5
D:5:      layout_loops_cross, grunt_qazlal_clouds
D:6:      layout_basic, minmay_temple_entry_overgrown, uniq_eustachio,
          uniq_pikel
D:7:      layout_loops_ring, lemuel_blue_sif_altar,
          hangedman_abyss_or_decor_passed
D:8:      layout_basic
D:9:      cheibrodos_helix_gallery, layout_rooms, jmf_multi_god_temple,
          kennysheep_generic_room_9, uniq_prince_ribbit1
Temple:   zaba_magenta_temple

Skill      XL: |  1  2  3  4  5  6  7  8  9 10 |
---------------+-------------------------------+-----
Spellcasting   | 2 3 4 5 7 |  7.3
Necromancy     | 5 6 8 9 10 | 10.0
Fighting       | 1 2 3 4 |  4.5
Slings         | 1 2 3 |  3.2
Dodging        | 3 4 5 6 |  6.0
Evocations     | 2 3 |  3.2
Armour         | 1 2 |  2.6
Maces & Flails | 1 |  1.9
Invocations    | 2 3 |  3.1
Throwing       | 1 |  1.1
Stealth        | |  2.6
Unarmed Combat | |  0.2

Action                   |  1- 3 |  4- 6 |  7- 9 | 10-12 || total
-------------------------+-------+-------+-------+-------++-------
Melee: Unarmed           |    30 |       |    47 |       ||    77
       Whip              |       |       |   125 |    21 ||   146
 Fire: Hunting sling     |    24 |    31 |    51 |     6 ||   112
Throw: Javelin           |       |       |     4 |       ||     4
       Dart              |       |       |     2 |     1 ||     3
 Cast: Pain              |    46 |    37 |    18 |       ||   101
       Vampiric Draining |     8 |    31 |   138 |    28 ||   205
Evoke: Wand              |       |       |     2 |       ||     2
  Use: Scroll            |       |       |    11 |       ||    11
       Potion            |       |       |     1 |       ||     1
 Stab: Sleeping          |       |       |     2 |       ||     2
Armor: Robe              |    15 |     3 |       |       ||    18
       Leather armour    |       |       |    24 |       ||    24
       Ring mail         |       |       |    42 |       ||    42
       Chain mail        |       |       |    36 |    16 ||    52
Dodge: Dodged            |    17 |    10 |   196 |    18 ||   241
Block: Buckler           |       |       |       |     2 ||     2

Table legend: (Time is in decaauts)
 A = Elapsed time spent in this place.
 B = Non-inter-level travel time spent in this place.
 C = Inter-level travel time spent in this place.
 D = Time resting spent in this place.
 E = Time spent auto-exploring this place.
 F = Levels seen in this place.
 G = Mean time per level.
                   A        B        C        D        E       F      G
               +--------+--------+--------+--------+--------+-----+--------+
         Total |  11537 |  11086 |    451 |     50 |   9563 |  10 | 1153.7 |
       Dungeon |  11468 |  11017 |    451 |     50 |   9518 |   9 | 1274.2 |
        Temple |     68 |     68 |      0 |      0 |     45 |   1 |   68.0 |
               +--------+--------+--------+--------+--------+-----+--------+

Top non-repeatable levels by time:
     D:8: 1960 daAuts
     D:3: 1638 daAuts
     D:7: 1477 daAuts
     D:6: 1293 daAuts
     D:5: 1212 daAuts
     D:1: 1173 daAuts
     D:2: 1106 daAuts
     D:4: 877 daAuts
     D:9: 728 daAuts
  Temple: 68 daAuts
